 Dungeon Crawl Stone Soup version 0.32-a0-391-gce5c0aab1b (webtiles) character file.

Game seed: 9496376716062023779

120836 Zonian the Placeless Cat (level 16, -8/79 HPs)
             Began as a Felid Summoner on Feb 18, 2024.
             Was the Champion of Hepliaklqana.
             Mangled by a +3 spectral morningstar (26 damage)
             ... created by Asterion
             ... on level 1 of the Snake Pit on Feb 19, 2024.
             The game lasted 03:23:35 (39762 turns).

Zonian the Placeless Cat (Felid Summoner)          Turns: 39762, Time: 03:23:36

Health: -8/79      AC:  3    Str:  4    XL:     16   Next: 31%
Magic:  12/33      EV: 27    Int: 33    God:    Hepliaklqana [******]
Gold:   1853       SH:  0    Dex: 17    Spells: 3/40 levels left
                                        Lives:  0   Deaths: 2

rFire   . .          .
                       - Unarmed
rCold   + . .        (shield unavailable)
rNeg    . . .        (body armour unavailable)
rPois   .            (helmet unavailable)
rElec   .            (cloak unavailable)
rCorr   .            (gloves unavailable)
SInv    +            (boots unavailable)
Will    ++...        N - amulet of magic regeneration {@e2}
Stlth   +++          w - +5 ring of evasion
HPRegen 0.33/turn    B - +6 ring of intelligence
MPRegen 0.63/turn

%: no passive effects
@: unable to call your familiar
A: reduced essence, very small, claws 1, fangs 3, see invisible, shaggy fur 3,
stealthy paws, no weapons or thrown items, no armour, multi-lived
a: Renounce Religion, Recall Ancestor, Ancestor Identity, Transference, Idealise


You were on level 1 of the Snake Pit.
You worshipped Hepliaklqana.
Hepliaklqana was exalted by your worship.
You visited 4 branches of the dungeon, and saw 23 of its levels.
You also visited: Sewer.

You collected 2300 gold pieces.
You spent 447 gold pieces at shops.


Innate Abilities, Weirdness & Mutations

Your life essence is reduced to manifest your ancestor. (-10% HP)
You have sharp claws.
You have razor-sharp teeth.
You have supernaturally acute eyesight. (SInv)
Your thick and shaggy fur keeps you warm. (AC +3, rC+)
Your paws help you pounce on unaware monsters.
You are incapable of wielding weapons or throwing items.
You cannot wear armour.
You gain extra lives every three experience levels.


   Skills:
 + Level 12.1 Fighting
 + Level 8.5 Dodging
 + Level 6.1 Stealth
 - Level 2.0 Unarmed Combat
 + Level 12.8 Spellcasting
 - Level 6.0 Hexes
 + Level 14.2 Summonings
 + Level 0.4 Necromancy
 - Level 14.2 Translocations
 - Level 5.9 Fire Magic
 - Level 5.0 Ice Magic
 - Level 5.9 Air Magic
 - Level 9.2 Invocations
 - Level 5.0 Evocations


You had 3 spell levels left.
You knew the following spells:

 Your Spells              Type           Power      Damage    Failure   Level
a - Summon Ice Beast      Ice/Summ       71%        N/A       1%          3
b - Summon Small Mammal   Summ           100%       N/A       0%          1
c - Call Canine Familiar  Summ           86%        N/A       1%          3
d - Summon Blazeheart Go  Fire/Summ      73%        N/A       1%          4
e - Summon Lightning Spi  Summ/Air       73%        N/A       1%          4
f - Call Imp              Summ           100%       N/A       0%          2
g - Summon Cactus Giant   Summ           43%        N/A       1%          6
h - Summon Forest         Summ/Tloc      43%        N/A       1%          5
i - Summon Mana Viper     Hex/Summ       73%        N/A       1%          5
j - Martyr's Knell        Necr/Summ      62%        N/A       1%          4

Your spell library contained the following spells:

 Spells                   Type           Power      Damage    Failure   Level
 Apportation              Tloc           100%       N/A       0%          1
 Necrotise                Necr           96%        1d8       1%          1
 Cigotuvi's Dreadful Rot  Necr/Alch/Air  70%        N/A       1%          2
 Ensorcelled Hibernation  Hex/Ice        100%       N/A       1%          2
 Jinxbite                 Hex            100%       N/A       1%          2
 Static Discharge         Conj/Air       80%        3-7/arc   1%          2
 Dazzling Flash           Conj/Hex       82%        N/A       1%          3
 Inner Flame              Hex/Fire       57%        N/A       1%          3
 Sigil of Binding         Hex            57%        N/A       1%          3
 Swiftness                Air            57%        N/A       1%          3
 Sandblast                Erth           42%        2d11      2%          1
 Sublimation of Blood     Necr           24%        N/A       2%          2
 Mephitic Cloud           Conj/Alch/Air  34%        N/A       2%          3
 Vampiric Draining        Necr           24%        2d7       5%          3
 Passwall                 Erth           21%        N/A       6%          3
 Stone Arrow              Conj/Erth      42%        3d9       6%          3
 Airstrike                Air            28%        2d(5-21)  1%          4
 Cause Fear               Hex            28%        N/A       1%          4
 Vhi's Electric Charge    Tloc/Air       100%       N/A       1%          4
 Silence                  Hex/Air        28%        N/A       4%          5
 Anguish                  Hex/Necr       21%        N/A       5%          4
 Monstrous Menagerie      Summ           43%        N/A       5%          7
 Arcjolt                  Conj/Air       20%        1d30      17%         5
 Fireball                 Conj/Fire      20%        3d10      17%         5
 Animate Dead             Necr           24%        N/A       19%         4
 Dispel Undead            Necr           24%        3d12      19%         4
 Brom's Barrelling Bould  Conj/Erth      21%        2d4       22%         4
 Petrify                  Alch/Erth      21%        N/A       22%         4
 Plasma Beam              Fire/Air       28%        2x1d41    28%         6
 Curse of Agony           Necr           24%        N/A       45%         5
 Borgnjor's Vile Clutch   Necr/Erth      11%        N/A       47%         5
 Alistair's Intoxication  Alch           14%        N/A       52%         5
 Irradiate                Conj/Alch      10%        3d15      52%         5
 Haunt                    Necr/Summ      31%        N/A       65%         7
 Conjure Ball Lightning   Conj/Air       20%        3x3d6     67%         6
 Death Channel            Necr           12%        N/A       95%         6
 Dragon's Call            Summ           43%        N/A       99%         9
 Borgnjor's Revivificati  Necr           12%        N/A       100%        8
 Ignition                 Fire           28%        3d9       100%        8
 Death's Door             Necr           12%        N/A       100%        9
 Dimensional Bullseye     Hex/Tloc       Unusable   N/A       N/A         4

Inventory:

Jewellery
 d - a ring of flight
   (You found it on level 1 of the Dungeon)
 l - an amulet of regeneration {@e2}
   (You found it on level 3 of the Dungeon)
 q - a ring of willpower
   (You found it on level 6 of the Dungeon)
 w - a +5 ring of evasion (left paw)
   (You took it off Erica on level 8 of the Dungeon)
 x - a +6 ring of strength
   (You bought it in a shop on level 6 of the Dungeon)
 A - a ring of resist corrosion
   (You found it on level 3 of the Lair of Beasts)
 B - a +6 ring of intelligence (right paw)
   (You found it on level 4 of the Lair of Beasts)
 I - an amulet of guardian spirit
   (You found it on level 9 of the Dungeon)
 J - a +5 ring of evasion
   (You took it off an orc priest on level 9 of the Dungeon)
 K - a ring of fire
   (You found it on level 10 of the Dungeon)
 L - an amulet of reflection
   (You found it on level 10 of the Dungeon)
 N - an amulet of magic regeneration (around neck) {@e2}
   (You found it on level 11 of the Dungeon)
 P - a ring of wizardry
   (You found it on level 13 of the Dungeon)
 Q - a ring of protection from fire
   (You found it on level 13 of the Dungeon)
Wands
 b - a wand of flame (35)
   (You took it off Ijyb on level 3 of the Dungeon)
 c - a wand of roots (3)
   (You found it on level 3 of the Dungeon)
 p - a wand of polymorph (27)
   (You found it on level 4 of the Dungeon)
 E - a wand of mindburst (2)
   (You found it on level 5 of the Lair of Beasts)
 R - a wand of quicksilver (2)
   (You found it on level 13 of the Dungeon)
Scrolls
 e - a scroll of amnesia
 i - 2 scrolls of revelation
 k - a scroll of silence {!r}
 m - 3 scrolls of vulnerability {!r!r}
 n - 4 scrolls of poison {!r}
 o - 5 scrolls of blinking {!r}
 s - 3 scrolls of fog
 y - 8 scrolls of teleportation {@r4}
 C - 3 scrolls of fear
 D - 8 scrolls of identify {@r1}
 S - a scroll of summoning
Potions
 a - 2 potions of magic
 f - 5 potions of curing {@q1}
 g - a potion of brilliance
 h - 8 potions of might
 r - 3 potions of haste {@q3}
 t - 2 potions of resistance
 u - 4 potions of heal wounds {@q2}
 v - 4 potions of mutation {!q}
 F - 2 potions of enlightenment
 G - a potion of cancellation
 H - 4 potions of attraction {!q}
 M - 3 potions of lignification {!q}
 O - 2 potions of invisibility
 T - a potion of ambrosia
Miscellaneous
 j - a phial of floods (inert)
   (You found it on level 8 of the Dungeon)
 z - a box of beasts
   (You found it on level 4 of the Lair of Beasts)

Dungeon Overview and Level Annotations

Branches:
Dungeon (15/15) Zot: 25161  Temple (0/1) D:4            Lair (5/5) D:8 Zot: 16074
 Shoals (0/4) Lair:3        Snake (1/4) Lair:2 Zot: 10852   Slime (0/5) Lair:5
    Orc (2/2) D:9 Zot: 14103     Elf (0/3) Orc:2        Vaults (0/5) D:14
 Depths (0/4) D:15          Sewer (visited)

Altars:
Ashenzari
Hepliaklqana
Sif Muna
Wu Jian
Yredelemnul
The Shining One
Beogh

Shops:
D:4 ?   D:6 *   D:9 [   Orc:1 (   Orc:2 [[([

Annotations:
D:3 2 runed translucent doors, Crazy Yiuf; Pokonic1's ghost, amateur MiMo
D:5 3 runed translucent doors, jesster's ghost, amateur MDFi
D:13 3 runed translucent doors, Mexzoddasi's ghost, journeyman MiBe
D:15 2 runed translucent doors, Bialiabluu's ghost, adept GrEE
Lair:5 2 transporters
Snake:1 exclusion: obsidian statue, Asterion; Nikola
Orc:1 2 runed translucent doors, exclusion: orange crystal statue

........
...........
.......
..........
......
..........
.....#
.........#
.....#
.........#
.....#
#......RS#
.....# #.....H9#
.....# #....@(##
.....##
##......#
......#
##.^...##
......#
#.......# ###
......#
#.......#####...
......#
##..............
......##
#..............
.>.....#
#..............
.......####
#..............


You could see the friendly MR GHOST the knight (idealised), Asterion (fast, ally
target), a shock serpent (rooted, ally target), a +3 spectral morningstar and a
friendly blazeheart golem (summoned).


Message History

MR GHOST misses the black mamba.
Asterion prays to Makhleb.
Asterion seems to speed up. 😎 MP[-3]
You lost 3 mp, and now have 25/33 mp.
Casting: Call Canine Familiar (safe; 1% risk of failure)
Confirm with . or Enter, or press ? or * to list all spells.
The black mamba closely misses you.
MR GHOST barely misses the black mamba.
Your inugami hits the black mamba. 😎 MP[-5]
You lost 5 mp, and now have 20/33 mp.
Unknown command.
Casting: Summon Cactus Giant (dangerous; 1% risk of failure)
Confirm with . or Enter, or press ? or * to list all spells.
A mana viper appears with a sibilant hiss.
The black mamba bites your inugami! The black mamba misses your inugami.
Your inugami completely misses the black mamba. 😎 MP[-5]
You lost 5 mp, and now have 15/33 mp.
Unknown command.
You catch the helpless black mamba completely off-guard!
You claw the black mamba! You bite the black mamba. The black mamba bites you!
MR GHOST hits the black mamba with a +0 broad axe of flaming!
MR GHOST burns the black mamba.
The black mamba dies!
MR GHOST hits Asterion but does no damage.
MR GHOST hits the shock serpent with a +0 broad axe of flaming!
MR GHOST burns the shock serpent.
The shock serpent's electric aura discharges, shocking MR GHOST!
The shock serpent shoots out a bolt of lightning at you!
The bolt of electricity hits your inugami!
The bolt of electricity misses you.
The bolt of electricity hits your cactus giant!!
The bolt of electricity hits your lightning spire.
Your lightning spire completely resists.
Asterion hits your inugami with a +3 spectral morningstar.
Asterion gores your inugami.
Your inugami hits the shock serpent.
The shock serpent's electric aura discharges, shocking your inugami! 😕 HP[-7] MP[+1]
You take 7 damage, and now have 72/79 hp.
Casting: Summon Mana Viper (dangerous; 1% risk of failure)
Confirm with . or Enter, or press ? or * to list all spells.
You imbue your familiar with magical energy and its fangs glint viciously.
Asterion hits your inugami with a +3 spectral morningstar.
Asterion gores your inugami! The shock serpent bites your inugami!
The shock serpent shocks your inugami!
Your inugami dies!
Your inugami disappears in a puff of smoke!
MR GHOST hits the shock serpent with a +0 broad axe of flaming!
MR GHOST burns the shock serpent!
MR GHOST hits Asterion with a +0 broad axe of flaming!
MR GHOST burns Asterion.
The shock serpent's electric aura discharges, shocking MR GHOST!
Asterion utters an invocation to Makhleb.
Send 'em back where they came from!
Your lightning spire disappears in a puff of smoke!
Your blazeheart golem disappears in a puff of smoke!
Your cactus giant disappears in a puff of smoke!
Your mana viper disappears in a puff of smoke!
The shock serpent shoots out a bolt of lightning at you!
The bolt of electricity misses you. 😕 HP[+1] MP[-2]
You lost 2 mp, and now have 14/33 mp.
Unknown command.
Aiming: Mindburst
Press: ? - help, Shift-Dir - straight line, f - shock serpent
Aim: a shock serpent (almost dead, ally target, chance to affect: 67%)
The shock serpent struggles to resist.
Unknown command.
Aiming: Fastroot
Press: ? - help, Shift-Dir - straight line, f/p - shock serpent
Aim: a shock serpent (almost dead, ally target)
The roots erupt in riotous growth!
Roots grab the shock serpent.
Roots grab Asterion.
The grasping roots constrict Asterion.
The grasping roots constrict the shock serpent.
Asterion escapes!
The shock serpent struggles to escape constriction. x2
Asterion hits you with a +3 spectral morningstar!
The +3 spectral morningstar barely misses you.
Asterion closely misses you.
A +3 spectral morningstar comes into view. 😮 HP[-17] MP[+1]
You take 17 damage, and now have 56/79 hp.
MASSIVE DAMAGE!! (PAUSE)
Casting: Call Canine Familiar (safe; 1% risk of failure)
Confirm with . or Enter, or press ? or * to list all spells.
A fiery spirit appears, bound in slag iron.
The grasping roots constrict the shock serpent.
MR GHOST barely misses the shock serpent.
MR GHOST hits Asterion with a +0 broad axe of flaming!!
MR GHOST burns Asterion!
The shock serpent bites your blazeheart golem!
The shock serpent shocks your blazeheart golem.
Your blazeheart golem resists.
Asterion hits you with a +3 spectral morningstar!!!
* * * LOW HITPOINT WARNING * * *
The +3 spectral morningstar hits you!!
You die...
Hepliaklqana delivers you to your ancestors.

Skill      XL: |  1  2  3  4  5  6  7  8  9 10 11 12 13 14 15 16 |
---------------+-------------------------------------------------+-----
Spellcasting   | 3 4 5 6 7 8 9 10 11 12 | 12.8
Invocations    | 1 2 3 4 6 7 8 9 |  9.2
Summonings     | 5 6 7 8 9 10 11 12 13 14 | 14.2
Dodging        | 3 5 6 7 8 |  8.5
Fighting       | 1 3 4 5 6 8 10 11 12 | 12.1
Fire Magic     | 2 3 4 5 |  5.9
Ice Magic      | 2 3 4 5 |  5.0
Air Magic      | 2 3 4 5 |  5.9
Evocations     | 1 3 5 |  5.0
Stealth        | 3 5 6 |  6.1
Unarmed Combat | 2 |  2.0
Translocations | 2 8 11 13 14 | 14.2
Hexes          | 5 6 |  6.0
Necromancy     | |  0.4

Action                     |  1- 3 |  4- 6 |  7- 9 | 10-12 | 13-15 | 16-18 || total
---------------------------+-------+-------+-------+-------+-------+-------++-------
  Melee: Unarmed           |     4 |    21 |    45 |   106 |   100 |     2 ||   278
         Bite              |     1 |     2 |     9 |    19 |    21 |     1 ||    53
         Punch             |       |       |       |     3 |     5 |       ||     8
   Cast: Summon Small Mamm |    37 |    48 |    24 |     3 |     1 |       ||   113
         Call Imp          |     4 |    16 |    15 |    15 |     6 |     1 ||    57
         Call Canine Famil |       |     3 |    21 |    67 |   116 |    20 ||   227
         Summon Ice Beast  |       |       |     5 |    36 |    39 |     3 ||    83
         Summon Blazeheart |       |       |       |    26 |    53 |    17 ||    96
         Summon Lightning  |       |       |       |    28 |    70 |    18 ||   116
         Summon Cactus Gia |       |       |       |       |    39 |    14 ||    53
         Summon Mana Viper |       |       |       |       |    23 |     7 ||    30
         Summon Forest     |       |       |       |       |     5 |     1 ||     6
         Martyr's Knell    |       |       |       |       |     3 |     3 ||     6
 Invoke: Ancestor Identity |     1 |       |       |       |       |       ||     1
         Recall Ancestor   |     1 |     1 |     3 |     5 |     5 |     2 ||    17
         Ancestor Life: Kn |     1 |       |       |       |       |       ||     1
         Idealise          |       |       |     1 |     7 |     5 |     2 ||    15
  Evoke: Wand              |       |     1 |    10 |    36 |    14 |     3 ||    64
         Box of beasts     |       |       |       |       |     1 |       ||     1
         Phial of floods   |       |       |       |       |       |     1 ||     1
    Use: Scroll            |     5 |     7 |     6 |     5 |     9 |       ||    32
         Potion            |     2 |       |     3 |     2 |     5 |     1 ||    13
   Stab: Sleeping          |       |     3 |     2 |       |       |       ||     5
         Distracted        |       |       |     1 |     3 |       |     1 ||     5
 Armour: Skin              |    24 |     9 |    32 |    66 |    97 |    23 ||   251
  Dodge: Dodged            |    48 |    31 |    92 |   216 |   283 |    49 ||   719
  Block: Other             |       |       |       |       |     6 |       ||     6

Levels and vault maps discovered:
D:1:      minmay_arrival_solitary_statue, layout_basic,
          ebering_ecumenical_altar_rust
D:2:      layout_loops_corners
D:3:      layout_basic, yredelemnul_forgotten_temple_becter,
          hellmonk_ghost_happy_afterlife, serial_rivers,
          chequers_serial_rivers_marsh, chequers_serial_rivers_large_a,
          chequers_serial_rivers_small_3, chequers_serial_rivers_micro_c,
          chequers_serial_rivers_micro_e, uniq_ijyb, uniq_crazy_yiuf_cottage
D:4:      layout_gridville, nicolae_overflow_crystal_walls,
          minmay_temple_entry_nine_rooms, serial_shops, shop
D:5:      layout_basic, gammafunk_ghost_icy, serial_aquarium,
          aquarium_bridge_square [aquarium_subvault_wall,
          aquarium_subvault_bridge, aquarium_subvault_bridge,
          aquarium_subvault_wall], aquarium_window_fake, aquarium_window_fake,
          aquarium_view_2e, aquarium_view_2d, aquarium_balcony_3a,
          aquarium_pool_1
D:6:      layout_loops_ring, mainiacjoe_sewer_entry_somewhere_in_here_1,
          serial_shops, shop, uniq_grinder
D:7:      layout_cave_pools
D:8:      layout_loops_ring, david_lair_shrubbed, nicolae_rank_and_phial,
          uniq_jeremiah, uniq_erica, uniq_maurice
D:9:      layout_loops_ring, mainiacjoe_overflow_swirl, orc_david_3,
          minmay_strange_pillars, minmay_stone_trees_small,
          chequers_serial_rivers_room_b, minmay_misc_feat_alley,
          minmay_checkerbox, uniq_pikel
D:10:     layout_roguey
D:11:     layout_cave_pools, uniq_psyche
D:12:     layout_loops_cross
D:13:     layout_loops_ring, gammafunk_ghost_necromancy, uniq_jorgrun
D:14:     layout_big_octagon, erik_vaults_2, nicolae_wwwww
D:15:     gammafunk_enter_depths_forms, layout_basic, led_sif_pool,
          muffindrake_ghost_dual_entry, minmay_three_doors
Lair:1:   layout_loops_ring, roderic_batcave, chequers_serial_rivers_micro_e,
          minivault_24, grunt_megastairs_5, serial_bayou_shore_b
Lair:2:   layout_loops_ring, alex1729_snake_entry_snake
Lair:3:   layout_layer_cave, minmay_shoals_entry_centaurs,
          pdpol_lair_cavern_descent, uniq_prince_ribbit2, uniq_amaemon
Lair:4:   beast_lair_carwin_large_3, layout_cave_pods,
          kennysheep_basilisk_garden, grunt_megastairs_1
Lair:5:   grunt_lair_end_beastmaster, layout_regular_city,
          nicolae_slime_entry_slimehenge, gammafunk_ghost_abyssal_escape,
          lemuel_fruit_tree, uniq_josephine
Snake:1:  layout_onion, dpeg_stationary_puzzle, uniq_aizul, uniq_asterion,
          uniq_nikola
Orc:1:    layout_diamond_mine, serial_shops, shop,
          chequers_guarded_unrand_ignorance
Orc:2:    grunt_orc_community_town_hall, layout_diamond_mine,
          grunt_orc_community_big_house_1, grunt_orc_community_big_house_2,
          grunt_orc_community_house_2, grunt_orc_community_house_2,
          grunt_orc_community_house_2, grunt_orc_community_house_1, basic_altar,
          uniq_donald, uniq_snorg

Notes
Turn   | Place    | Note
-------+----------+-------------------------------------------
     0 | D:1      | Zonian the Felid Summoner began the quest for the Orb.
     0 | D:1      | Reached XP level 1. HP: 9/9 MP: 4/4
     0 | D:1      | magus.rc [v1.9.6]
    28 | D:1      | Found a faded altar of an unknown god.
    55 | D:1      | Prayed at the altar of an unknown god.
    55 | D:1      | Became a worshipper of Hepliaklqana the Forgotten
    55 | D:1      | Reached * piety under Hepliaklqana
    99 | D:1      | You pick up a book of the Hunter and begin reading...
   150 | D:1      | Reached XP level 2. HP: 7/11 MP: 4/6
   518 | D:1      | Reached XP level 3. HP: 14/14 MP: 5/8
   633 | D:1      | Learned a level 2 spell: Call Imp
   637 | D:1      | Learned a level 3 spell: Call Canine Familiar
  1100 | D:2      | You are sucked into a shaft and drop 2 floors!
  1323 | D:3      | Reached skill level 3 in Spellcasting
  1355 | D:3      | Found a basalt altar of Yredelemnul.
  1355 | D:3      | Noticed a weeping skull
  1408 | D:3      | Reached ** piety under Hepliaklqana
  1408 | D:3      | HP: 2/14 [adder (2)]
  1422 | D:2      | Reached skill level 1 in Invocations
  1553 | D:2      | Remembered your ancestor MR GHOST as a knight
  1659 | D:2      | Reached XP level 4. HP: 18/18 MP: 4/9
  1659 | D:2      | Gained a life (2 lives remaining)
  2029 | D:2      | You pick up a book of Geomancy and begin reading...
  2029 | D:2      | You add the spells Sandblast, Passwall, Stone Arrow and
                  | Brom's Barrelling Boulder to your library.
  2709 | D:3      | Reached skill level 5 in Summonings
  2714 | D:3      | Reached XP level 5. HP: 9/21 MP: 4/11
  3040 | D:3      | Reached skill level 2 in Invocations
  3186 | D:3      | You pick up a book of the Wilderness and begin reading...
  3186 | D:3      | You add the spells Summon Forest, Summon Mana Viper and
                  | Summon Cactus Giant to your library.
  3273 | D:3      | Noticed Ijyb
  3286 | D:3      | Killed Ijyb
  3306 | D:3      | Noticed Pokonic1's ghost (amateur MiMo)
  3310 | D:3      | Found a runed translucent door.
  3536 | D:3      | Found a runed translucent door.
  3537 | D:3      | Noticed Crazy Yiuf
  3741 | D:4      | Reached *** piety under Hepliaklqana
  3805 | D:4      | Gained mutation: You are covered in thick fur. (AC +2)
                  | [Felid growth]
  3805 | D:4      | Reached XP level 6. HP: 25/25 MP: 3/12
  3939 | D:4      | Reached skill level 4 in Spellcasting
  4076 | D:4      | Reached skill level 3 in Invocations
  4107 | D:4      | Found a broken altar of Ashenzari.
  4334 | D:4      | Found Kokyloo's Magic Scroll Shoppe.
  4363 | D:4      | Bought 2 scrolls of blinking for 210 gold pieces
  4739 | D:4      | Found a staircase to the Ecumenical Temple.
  4839 | D:5      | Entered Level 5 of the Dungeon
  5101 | D:5      | Noticed an ice beast
  5106 | D:5      | Noticed jesster's ghost (amateur MDFi)
  5132 | D:5      | Found a runed translucent gate.
  5132 | D:5      | Found a runed translucent gate.
  5132 | D:5      | Found a runed translucent gate.
  5154 | D:5      | Reached skill level 6 in Summonings
  5154 | D:5      | Reached XP level 7. HP: 28/28 MP: 9/14
  5322 | D:5      | Reached **** piety under Hepliaklqana
  5392 | D:5      | Reached skill level 4 in Invocations
  5434 | D:5      | Reached skill level 5 in Spellcasting
  5722 | D:6      | Found Eniyrph's Assorted Antiques.
  5731 | D:6      | Noticed Grinder
  5757 | D:6      | Killed Grinder
  5758 | D:6      | Reached XP level 8. HP: 32/32 MP: 7/17
  5961 | D:6      | Reached skill level 7 in Summonings
  5961 | D:6      | Reached skill level 5 in Invocations
  6047 | D:6      | Found a glowing drain.
  6064 | Sewer    | Entered a sewer
  6225 | Sewer    | Noticed Pargi
  6246 | Sewer    | Killed Pargi
  6612 | D:6      | Reached skill level 6 in Spellcasting
  6755 | D:6      | You pick up a book of Beasts and begin reading...
  6755 | D:6      | You add the spells Summon Ice Beast and Monstrous Menagerie
                  | to your library.
  6774 | D:6      | Learned a level 3 spell: Summon Ice Beast
  6779 | D:6      | Learned a level 4 spell: Summon Blazeheart Golem
  6784 | D:6      | Learned a level 4 spell: Summon Lightning Spire
  7250 | D:7      | Reached skill level 6 in Invocations
  7383 | D:7      | HP: 6/33 [something/ball of steam (27)]
  7593 | D:7      | Reached skill level 3 in Dodging
  7613 | D:7      | Reached skill level 1 in Fighting
  7616 | D:7      | Reached XP level 9. HP: 21/36 MP: 6/19
  7815 | D:7      | Reached skill level 1 in Fire Magic
  7815 | D:7      | Reached skill level 1 in Ice Magic
  7987 | D:7      | Reached skill level 1 in Air Magic
  8049 | D:8      | Noticed Maurice
  8248 | D:8      | Noticed a two-headed ogre
  8254 | D:8      | Noticed Erica
  8257 | D:8      | Killed a two-headed ogre
  8258 | D:8      | Reached skill level 2 in Fighting
  8258 | D:8      | Reached skill level 4 in Dodging
  8258 | D:8      | Reached skill level 8 in Summonings
  8261 | D:8      | Killed Erica
  8262 | D:8      | Reached skill level 2 in Fire Magic
  8262 | D:8      | Reached skill level 2 in Ice Magic
  8262 | D:8      | Reached skill level 2 in Air Magic
  8285 | D:8      | Noticed Jeremiah
  8537 | D:8      | Reached skill level 7 in Spellcasting
  8538 | D:8      | HP: 7/38 [killer bee (6)]
  8726 | D:8      | Reached skill level 3 in Fighting
  8729 | D:8      | Reached skill level 5 in Dodging
  8743 | D:8      | Reached XP level 10. HP: 44/44 MP: 18/21
  8936 | D:8      | Reached skill level 3 in Ice Magic
  9085 | D:8      | Reached skill level 3 in Fire Magic
  9085 | D:8      | Reached skill level 3 in Air Magic
  9085 | D:8      | Reached skill level 7 in Invocations
  9252 | D:8      | Killed Jeremiah
  9468 | D:8      | Killed Maurice
  9469 | D:8      | Reached skill level 6 in Dodging
  9552 | D:8      | Found a staircase to the Lair.
  9651 | D:8      | Reached skill level 4 in Fighting
  9688 | D:8      | Reached skill level 9 in Summonings
  9846 | D:8      | Reached skill level 1 in Evocations
 10304 | Lair:1   | Entered Level 1 of the Lair of Beasts
 10312 | Lair:1   | Noticed a boulder beetle
 10325 | Lair:1   | Noticed a cane toad
 10725 | Lair:1   | magus.rc [v1.9.6]
 10792 | Lair:1   | Reached skill level 3 in Stealth
 10792 | Lair:1   | Reached XP level 11. HP: 17/48 MP: 17/23
 10857 | Lair:1   | Reached skill level 4 in Ice Magic
 10922 | Lair:1   | Reached skill level 4 in Air Magic
 10954 | Lair:1   | Reached skill level 4 in Fire Magic
 11276 | Lair:1   | Killed a boulder beetle
 11277 | Lair:1   | Reached skill level 2 in Evocations
 11591 | Lair:1   | Reached skill level 7 in Dodging
 11595 | Lair:1   | Reached skill level 4 in Stealth
 11908 | Lair:1   | You fall into a shaft and drop 1 floor!
 12014 | Lair:2   | Reached skill level 8 in Spellcasting
 12239 | Lair:2   | Reached skill level 5 in Fighting
 12405 | Lair:2   | Reached skill level 3 in Evocations
 12510 | Lair:2   | Reached skill level 8 in Invocations
 12513 | Lair:2   | Noticed a boulder beetle
 13075 | Lair:2   | Killed a boulder beetle
 13076 | Lair:2   | Reached skill level 5 in Stealth
 13526 | Lair:2   | Learned a level 6 spell: Summon Cactus Giant
 13627 | Lair:2   | Gained mutation: Your thick and shaggy fur keeps you warm.
                  | (AC +3, rC+) [Felid growth]
 13627 | Lair:2   | Reached XP level 12. HP: 54/54 MP: 23/25
 13834 | Lair:2   | Found a staircase to the Snake Pit.
 14334 | D:4      | Bought 2 scrolls of fog for 112 gold pieces
 14407 | D:6      | Bought a scratched peridot ring for 125 gold pieces
 14569 | Lair:3   | Noticed Amaemon
 14580 | Lair:3   | Killed Amaemon
 14581 | Lair:3   | Reached skill level 5 in Ice Magic
 14762 | Lair:3   | Noticed a four-headed hydra
 14782 | Lair:3   | Reached skill level 8 in Dodging
 14783 | Lair:3   | Killed a four-headed hydra
 14784 | Lair:3   | Reached skill level 5 in Air Magic
 14784 | Lair:3   | Reached skill level 4 in Evocations
 14791 | Lair:3   | You pick up a book of Decay and begin reading...
 14791 | Lair:3   | You add the spells Cigotuvi's Dreadful Rot, Dispel Undead,
                  | Martyr's Knell and Death Channel to your library.
 14864 | Lair:3   | magus.rc [v1.9.6]
 14947 | Lair:3   | Reached skill level 1 in Unarmed Combat
 14953 | Lair:3   | Reached skill level 5 in Fire Magic
 15048 | Lair:3   | Reached skill level 6 in Stealth
 15057 | Lair:3   | Noticed Prince Ribbit
 15059 | Lair:3   | Killed Prince Ribbit
 15215 | Lair:3   | Noticed a boulder beetle
 15375 | Lair:3   | HP: 13/54 [poisoned by a cane toad]
 15405 | Lair:3   | Noticed a four-headed hydra
 15414 | Lair:3   | Killed a four-headed hydra
 15781 | Lair:3   | Reached skill level 6 in Fighting
 15781 | Lair:3   | Reached skill level 2 in Unarmed Combat
 16062 | Lair:3   | Found a staircase to the Shoals.
 16357 | Lair:3   | Killed a boulder beetle
 16358 | Lair:3   | Reached skill level 10 in Summonings
 17060 | Lair:3   | Reached skill level 5 in Evocations
 17524 | Lair:3   | You pick up a book of Party Tricks and begin reading...
 17524 | Lair:3   | You add the spells Apportation, Jinxbite and Alistair's
                  | Intoxication to your library.
 17531 | Lair:3   | Learned a level 5 spell: Summon Forest
 17774 | Lair:3   | Noticed an eight-headed hydra
 17783 | Lair:3   | Killed an eight-headed hydra
 17784 | Lair:3   | Reached skill level 1 in Translocations
 18311 | Lair:3   | magus.rc [v1.9.6]
 18365 | Lair:4   | Reached skill level 9 in Invocations
 18371 | Lair:4   | Reached skill level 9 in Spellcasting
 18371 | Lair:4   | Reached skill level 2 in Translocations
 18442 | Lair:4   | Reached XP level 13. HP: 59/59 MP: 18/27
 19239 | Lair:4   | Reached skill level 3 in Translocations
 19260 | Lair:4   | Reached skill level 7 in Fighting
 19307 | Lair:4   | Reached skill level 4 in Translocations
 19330 | Lair:4   | HP: 13/60 [elephant (14)]
 19670 | Lair:4   | Reached skill level 5 in Translocations
 20374 | Lair:4   | Reached skill level 11 in Summonings
 20742 | Lair:4   | Reached skill level 6 in Translocations
 20885 | Lair:5   | Entered Level 5 of the Lair of Beasts
 20902 | Lair:5   | Reached ***** piety under Hepliaklqana
 20913 | Lair:5   | HP: 13/61 [cane toad (21)]
 20914 | Lair:5   | HP: 6/61 [cane toad (11)]
 20924 | Lair:5   | Reached skill level 8 in Fighting
 21119 | Lair:5   | Noticed a cacodemon
 21170 | Lair:5   | Reached skill level 10 in Spellcasting
 21210 | Lair:5   | Reached skill level 7 in Translocations
 21528 | Lair:5   | Noticed Josephine
 21550 | Lair:5   | Killed Josephine
 22030 | Lair:5   | Reached skill level 8 in Translocations
 22254 | Lair:5   | Reached XP level 14. HP: 66/66 MP: 23/29
 22324 | Lair:5   | Found a staircase to the Slime Pits.
 22753 | Lair:5   | Reached skill level 9 in Fighting
 23309 | Lair:5   | Reached skill level 9 in Translocations
 23328 | Lair:5   | Reached skill level 12 in Summonings
 23948 | Lair:5   | Identified the +9 demon whip of Hedimed {venom, Dex+2}
 24076 | Lair:5   | Found a transporter.
 24082 | Lair:5   | Found a transporter.
 24863 | D:9      | Noticed Pikel
 24888 | D:9      | Killed Pikel
 24889 | D:9      | Reached skill level 10 in Translocations
 25052 | D:9      | You pick up a book of the Dragon and begin reading...
 25052 | D:9      | You add the spells Cause Fear, Fireball and Dragon's Call
                  | to your library.
 25059 | D:9      | Learned a level 5 spell: Summon Mana Viper
 25063 | D:9      | Found an ornate altar of the Wu Jian Council.
 25250 | D:9      | Reached skill level 11 in Spellcasting
 25355 | D:9      | Found a staircase to the Orcish Mines.
 25355 | D:9      | Found Coer's Armour Boutique.
 25586 | D:9      | Reached skill level 1 in Hexes
 26417 | D:9      | Found a glowing golden altar of the Shining One.
 26546 | D:10     | Entered Level 10 of the Dungeon
 26553 | D:10     | You pick up a book of Lightning and begin reading...
 26553 | D:10     | You add the spells Vhi's Electric Charge, Arcjolt and
                  | Plasma Beam to your library.
 26578 | D:10     | Reached skill level 2 in Hexes
 26776 | D:10     | You pick up a book of Transmutation and begin reading...
 26776 | D:10     | You add the spells Sublimation of Blood, Petrify and
                  | Irradiate to your library.
 28006 | D:11     | Reached skill level 3 in Hexes
 28183 | D:11     | Reached skill level 10 in Fighting
 28389 | D:11     | Noticed Psyche
 28396 | D:11     | Killed Psyche
 28405 | D:11     | You pick up a book of Burglary and begin reading...
 28405 | D:11     | You add the spells Ensorcelled Hibernation and Swiftness to
                  | your library.
 28905 | D:12     | Reached skill level 4 in Hexes
 29190 | D:12     | Reached skill level 11 in Translocations
 29309 | D:12     | You pick up a book of the Senses and begin reading...
 29309 | D:12     | You add the spells Dazzling Flash, Mephitic Cloud, Curse of
                  | Agony and Silence to your library.
 29567 | D:12     | You pick up a book of Necromancy and begin reading...
 29567 | D:12     | You add the spells Necrotise and Vampiric Draining to your
                  | library.
 29680 | D:12     | Identified the +3 flail of Triumph {heavy, rPois}
 29797 | D:12     | Reached skill level 5 in Hexes
 29902 | D:12     | magus.rc [v1.9.6]
 29912 | D:13     | You pick up a book of Spontaneous Combustion and begin
                  | reading...
 29912 | D:13     | You add the spells Inner Flame and Ignition to your
                  | library.
 29936 | D:13     | Reached XP level 15. HP: 72/72 MP: 25/31
 30198 | D:13     | magus.rc [v1.9.6]
 30586 | D:13     | Found a runed translucent gate.
 30586 | D:13     | Found a runed translucent gate.
 30586 | D:13     | Found a runed translucent gate.
 30592 | D:13     | Noticed Mexzoddasi's ghost (journeyman MiBe)
 30891 | D:13     | Noticed Jorgrun
 30899 | D:13     | Killed Jorgrun
 31063 | D:13     | Reached skill level 6 in Hexes
 31308 | D:14     | Reached ****** piety under Hepliaklqana
 31333 | D:14     | Reached skill level 13 in Summonings
 31473 | D:14     | Reached skill level 12 in Translocations
 31756 | D:14     | magus.rc [v1.9.6]
 32050 | D:14     | Reached skill level 11 in Fighting
 32093 | D:14     | Reached skill level 12 in Spellcasting
 32486 | D:14     | Found a gate to the Vaults.
 32723 | D:14     | You add the spells Static Discharge, Airstrike, Anguish and
                  | Conjure Ball Lightning to your library.
 32723 | D:14     | Got Sif Muna's Textbook on Hazy Omens
 32729 | D:14     | Learned a level 4 spell: Martyr's Knell
 32806 | D:15     | Entered Level 15 of the Dungeon
 32812 | D:15     | Found a runed translucent door.
 32866 | D:15     | HP: 4/74 [yaktaur/bolt (22)]
 32870 | D:15     | Reached skill level 13 in Translocations
 33105 | D:15     | Found a runed translucent door.
 33119 | D:15     | Found a shimmering blue altar of Sif Muna.
 33130 | D:15     | Noticed a lich
 33743 | D:15     | Noticed Bialiabluu's ghost (adept GrEE)
 33748 | D:15     | Noticed a shadow dragon
 33851 | D:15     | Found a staircase to the Depths.
 33965 | D:15     | Noticed a fire giant
 33983 | D:15     | Killed a fire giant
 34066 | D:15     | HP: 10/74 [burnt (11)]
 34277 | D:15     | You add the spells Haunt, Borgnjor's Revivification and
                  | Death's Door to your library.
 34278 | D:15     | Identified the +3 chain mail "Susy" {rC+}
 34572 | Orc:1    | Entered Level 1 of the Orcish Mines
 34648 | Orc:1    | HP: 13/74 [orc warrior/+0 trident[an orc knight] (18)]
 35603 | Orc:1    | Found a runed translucent door.
 35608 | Orc:1    | Found the +10 tower shield of Ignorance {rN+ Int-4}
 35637 | Orc:1    | Found a runed translucent door.
 36042 | Orc:1    | Found Nasm's Weapon Shop.
 36096 | Orc:2    | Entered Level 2 of the Orcish Mines
 36109 | Orc:2    | Found a staircase to the Elven Halls.
 36146 | Orc:2    | Found a roughly hewn altar of Beogh.
 36529 | Orc:2    | Found a roughly hewn altar of Beogh.
 36536 | Orc:2    | Reached XP level 16. HP: 79/79 MP: 21/33
 36541 | Orc:2    | Found Woewoela's Armour Shop.
 36651 | Orc:2    | Noticed Snorg
 36673 | Orc:2    | Killed Snorg
 36848 | Orc:2    | Found a roughly hewn altar of Beogh.
 36859 | Orc:2    | Reached skill level 14 in Summonings
 36978 | Orc:2    | Found Ubaleluur's Armour Boutique.
 37047 | Orc:2    | Found a roughly hewn altar of Beogh.
 37301 | Orc:2    | Reached skill level 14 in Translocations
 37349 | Orc:2    | magus.rc [v1.9.6]
 37356 | Orc:2    | Identified the +6 kite shield of Somewhere Else {rElec rC+}
 37356 | Orc:2    | Noticed Donald
 37393 | Orc:2    | Mangled by Donald
 37393 | Orc:2    | Lost a life (1 life remaining)
 37421 | Orc:2    | Killed Donald
 38038 | Orc:2    | Reached skill level 12 in Fighting
 38338 | Orc:2    | Found Esaicahu's Antique Armour Shop.
 38339 | Orc:2    | Found a roughly hewn altar of Beogh.
 38342 | Orc:2    | Found Zeumoqed's Antique Weapon Boutique.
 38615 | Snake:1  | Entered Level 1 of the Snake Pit
 38765 | Snake:1  | HP: 16/79 [poisoned by a naga ritualist (toxic radiance)]
 38768 | Snake:1  | HP: 3/79 [black mamba[a naga ritualist] (7)]
 38768 | Snake:1  | HP: 1/79 [constriction (2)]
 38768 | Snake:1  | Mangled by a black mamba
 38768 | Snake:1  | Lost a life (0 lives remaining)
 38897 | Snake:1  | Upgraded the game from 0.32-a0-361-g289a535e89 to
                  | 0.32-a0-391-gce5c0aab1b
 38897 | Snake:1  | magus.rc [v1.9.6]
 39505 | Snake:1  | Noticed Nikola
 39738 | Snake:1  | You pick up a book of Unlife and begin reading...
 39738 | Snake:1  | You add the spells Animate Dead and Borgnjor's Vile Clutch
                  | to your library.
 39754 | Snake:1  | Noticed Asterion
 39762 | Snake:1  | HP: 18/79 [Asterion/+3 spectral morningstar (39)]
 39762 | Snake:1  | Mangled by a +3 spectral morningstar

Vanquished Creatures
  A hydra (D:15)
  A catoblepas (Lair:5)
  An anaconda (Snake:1)
  3 boulder beetles
  2 death yaks (Lair:5)
  A shock serpent (Snake:1)
  Amaemon (Lair:3)
  A skeletal warrior (D:14)
  A skyshark (Lair:5)
  An orc knight (Orc:1)
  An ugly thing (D:11)
  4 elephants
  2 meliai (D:15)
  A black mamba (shapeshifter) (D:12)
  4 black mambas
  2 cane toads
  2 komodo dragons
  Jeremiah (D:8)
  A troll (D:9)
  5 blink frogs
  2 slime creatures (D:12)
  14 yaks
  A basilisk (Lair:3)
  A steam dragon (D:7)
  2 water moccasins
  An orc warrior (Orc:1)
  3 wolves (Lair:5)
  An ogre (Orc:2)
  A centaur (D:12)
  3 bullfrogs
  A killer bee (D:8)
  A vampire bat (Lair:1)
  An electric eel (Lair:3)
  An orc (Orc:2)
  2 ball pythons
  A bat (Lair:1)
  A giant cockroach (D:1)
  2 goblins
  A quokka (D:5)
  2 frilled lizards (Sewer)
  A rat (D:6)
79 creatures vanquished.

Vanquished Creatures (collateral kills)
  Jorgrun (D:13)
  Donald (Orc:2)
  A fire giant (D:15)
  An orc warlord (Orc:2)
  Snorg (Orc:2)
  8 vault guards (D:14)
  Josephine (Lair:5)
  A fire dragon (D:14)
  A rakshasa (D:15)
  2 centaur warriors
  4 hydras
  A catoblepas (Lair:5)
  2 boulder beetles
  2 anacondas (Snake:1)
  Erica (D:8)
  A deep troll shaman (Lair:5)
  A tengu warrior (D:14)
  6 death yaks (Lair:5)
  3 two-headed ogres
  A naga warrior (Snake:1)
  3 orc high priests (Orc:2)
  A shock serpent (Snake:1)
  A skyshark (Lair:3)
  8 skeletal warriors
  A mana viper (Snake:1)
  A deep troll (shapeshifter) (D:15)
  A sun moth (shapeshifter) (D:15)
  13 slime creatures
  Pikel (D:9)
  A glowing orange brain (D:15)
  9 ugly things
  An orc knight (D:15)
  6 cyclopes
  3 salamanders
  2 orc sorcerers
  5 manticores
  Maurice (D:8)
  A meliai (D:15)
  22 elephants
  7 kobold blastminers (Orc:2)
  11 cane toads
  5 black mambas
  A torpor snail (Lair:3)
  4 gargoyles
  An orange demon (Lair:3)
  7 rime drakes
  3 unseen horrors
  9 komodo dragons
  A cane toad (shapeshifter) (D:13)
  2 efreet
  A freezing wraith (D:15)
  4 kobold demonologists (D:12)
  5 yaktaurs (D:15)
  Psyche (D:11)
  6 trolls
  A tengu conjurer (D:14)
  A polar bear (Lair:5)
  A hornet (Lair:4)
  A merfolk (D:8)
  Grinder (D:6)
  Prince Ribbit (Lair:3)
  24 blink frogs
  2 shadows (D:10)
  4 water elementals (D:8)
  A vampire (D:9)
  43 yaks
  3 wraiths (Lair:5)
  7 wyverns
  A warg (Orc:1)
  7 basilisks
  A steam dragon (D:9)
  A vampire mosquito (D:15)
  5 nagas
  2 acid dragons
  11 water moccasins
  Pargi (Sewer)
  37 orc warriors
  5 black bears
  A crocodile (shapeshifter) (D:14)
  A tengu (shapeshifter) (D:13)
  17 wolves
  10 ogres
  5 centaurs
  2 lemures (D:9)
  A weeping skull (D:3)
  3 phantoms
  4 kobold brigands
  A brain worm (Sewer)
  A gnoll sergeant (D:11)
  2 scorpions (D:6)
  8 bullfrogs
  8 wights
  9 killer bees (D:8)
  A vampire bat (Lair:1)
  A nameless horror (Orc:2)
  4 howler monkeys
  5 jellies
  18 orc priests
  A bombardier beetle (D:4)
  A gnoll bouda (D:6)
  Ijyb (D:3)
  2 iguanas
  35 orc wizards
  7 adders
  15 gnolls
  A shadow imp (D:6)
  4 dart slugs
  80 orcs
  10 ball pythons
  13 endoplasms
  4 giant cockroaches
  6 hobgoblins
  4 jackals (D:1)
  3 quokkas
  9 bats
  2 frilled lizards
  4 goblins
  27 kobolds
  3 rats
  A spectral orc (D:3)
685 creatures vanquished.

Vanquished Creatures (others)
  A howler monkey (D:7)
  22 knights
  A goblin (D:3)
  4 ancestors
  45 blazeheart cores
  A snaplasher vine (Lair:5)
74 creatures vanquished.

Grand Total: 838 creatures vanquished

Table legend:
 A = Non-vault XP
 B = Vault XP
 C = Vault XP percentage of total XP
 D = Non-vault monster count
 E = Vault monster count
 F = Vault count percentage of total count
                 A         B        C        D         E       F
            +---------+---------+-------+---------+---------+-------
      Total |  112137 |   60486 |  35.0 |     551 |     212 |  27.8
            +---------+---------+-------+---------+---------+-------
        D:1 |      65 |       0 |   0.0 |      22 |       0 |   0.0
        D:2 |      57 |       0 |   0.0 |      19 |       0 |   0.0
        D:3 |      92 |     148 |  61.7 |      15 |       3 |  16.7
        D:4 |     271 |       0 |   0.0 |      18 |       0 |   0.0
        D:5 |     496 |       0 |   0.0 |      11 |       0 |   0.0
        D:6 |     702 |     295 |  29.6 |      18 |       6 |  25.0
        D:7 |     749 |       0 |   0.0 |      17 |       0 |   0.0
        D:8 |    3828 |    3243 |  45.9 |      32 |      10 |  23.8
        D:9 |    2516 |    2275 |  47.5 |      25 |      13 |  34.2
       D:10 |    3298 |       0 |   0.0 |      18 |       0 |   0.0
       D:11 |    4740 |     333 |   6.6 |      34 |       1 |   2.9
       D:12 |    8977 |       0 |   0.0 |      29 |       0 |   0.0
       D:13 |    7307 |    1796 |  19.7 |      13 |       1 |   7.1
       D:14 |   12371 |    7044 |  36.3 |      25 |       8 |  24.2
       D:15 |    8362 |    6497 |  43.7 |      22 |      11 |  33.3
     Lair:1 |    5321 |     420 |   7.3 |      23 |      11 |  32.4
     Lair:2 |    5789 |    1035 |  15.2 |      23 |       4 |  14.8
     Lair:3 |    7486 |    6041 |  44.7 |      20 |      19 |  48.7
     Lair:4 |    8046 |    6965 |  46.4 |      23 |      19 |  45.2
     Lair:5 |   17592 |   11743 |  40.0 |      58 |      32 |  35.6
    Snake:1 |    8844 |       0 |   0.0 |      15 |       0 |   0.0
      Orc:1 |    3118 |       0 |   0.0 |      41 |       0 |   0.0
      Orc:2 |    2110 |   12382 |  85.4 |      30 |      65 |  68.4
      Sewer |       0 |     269 | 100.0 |       0 |       9 | 100.0
            +---------+---------+-------+---------+---------+-------

Skill      XL: |  1  2  3  4  5  6  7  8  9 10 11 12 13 14 15 16 |
---------------+-------------------------------------------------+-----
Spellcasting   | 3 4 5 6 7 8 9 10 11 12 | 12.8
Invocations    | 1 2 3 4 6 7 8 9 |  9.2
Summonings     | 5 6 7 8 9 10 11 12 13 14 | 14.2
Dodging        | 3 5 6 7 8 |  8.5
Fighting       | 1 3 4 5 6 8 10 11 12 | 12.1
Fire Magic     | 2 3 4 5 |  5.9
Ice Magic      | 2 3 4 5 |  5.0
Air Magic      | 2 3 4 5 |  5.9
Evocations     | 1 3 5 |  5.0
Stealth        | 3 5 6 |  6.1
Unarmed Combat | 2 |  2.0
Translocations | 2 8 11 13 14 | 14.2
Hexes          | 5 6 |  6.0
Necromancy     | |  0.4

Action                     |  1- 3 |  4- 6 |  7- 9 | 10-12 | 13-15 | 16-18 || total
---------------------------+-------+-------+-------+-------+-------+-------++-------
  Melee: Unarmed           |     4 |    21 |    45 |   106 |   100 |     2 ||   278
         Bite              |     1 |     2 |     9 |    19 |    21 |     1 ||    53
         Punch             |       |       |       |     3 |     5 |       ||     8
   Cast: Summon Small Mamm |    37 |    48 |    24 |     3 |     1 |       ||   113
         Call Imp          |     4 |    16 |    15 |    15 |     6 |     1 ||    57
         Call Canine Famil |       |     3 |    21 |    67 |   116 |    20 ||   227
         Summon Ice Beast  |       |       |     5 |    36 |    39 |     3 ||    83
         Summon Blazeheart |       |       |       |    26 |    53 |    17 ||    96
         Summon Lightning  |       |       |       |    28 |    70 |    18 ||   116
         Summon Cactus Gia |       |       |       |       |    39 |    14 ||    53
         Summon Mana Viper |       |       |       |       |    23 |     7 ||    30
         Summon Forest     |       |       |       |       |     5 |     1 ||     6
         Martyr's Knell    |       |       |       |       |     3 |     3 ||     6
 Invoke: Ancestor Identity |     1 |       |       |       |       |       ||     1
         Recall Ancestor   |     1 |     1 |     3 |     5 |     5 |     2 ||    17
         Ancestor Life: Kn |     1 |       |       |       |       |       ||     1
         Idealise          |       |       |     1 |     7 |     5 |     2 ||    15
  Evoke: Wand              |       |     1 |    10 |    36 |    14 |     3 ||    64
         Box of beasts     |       |       |       |       |     1 |       ||     1
         Phial of floods   |       |       |       |       |       |     1 ||     1
    Use: Scroll            |     5 |     7 |     6 |     5 |     9 |       ||    32
         Potion            |     2 |       |     3 |     2 |     5 |     1 ||    13
   Stab: Sleeping          |       |     3 |     2 |       |       |       ||     5
         Distracted        |       |       |     1 |     3 |       |     1 ||     5
 Armour: Skin              |    24 |     9 |    32 |    66 |    97 |    23 ||   251
  Dodge: Dodged            |    48 |    31 |    92 |   216 |   283 |    49 ||   719
  Block: Other             |       |       |       |       |     6 |       ||     6

Illustrated notes

Table legend:
 A = Kills in this place as a percentage of kills in the entire game.
 B = Kills by you in this place as a percentage of kills by you in the entire game.
 C = Kills by friends in this place as a percentage of kills by friends in the entire game.
 D = Other kills in this place as a percentage of other kills in the entire game.
 E = Experience gained in this place as a percentage of experience gained in the entire game.
 F = Experience gained in this place divided by the number of levels of this place that you have seen.
                   A       B       C       D       E      F
               +-------+-------+-------+-------+-------+----------------------
         Total | 100.0 | 100.0 | 100.0 | 100.0 | 100.0 | 7192.6
       Dungeon |  48.6 |  32.9 |  50.3 | 100.0 |  43.7 | 5030.8
          Lair |  30.4 |  53.2 |  27.9 |   0.0 |  40.8 | 14087.6
     Snake Pit |   2.0 |   5.1 |   1.6 |   0.0 |   5.1 | 8844.0
  Orcish Mines |  17.8 |   5.1 |  19.4 |   0.0 |  10.2 | 8805.0
         Sewer |   1.2 |   3.8 |   0.9 |   0.0 |   0.2 | 269.0
               +-------+-------+-------+-------+-------+----------------------

Table legend: (Time is in decaauts)
 A = Elapsed time spent in this place.
 B = Non-inter-level travel time spent in this place.
 C = Inter-level travel time spent in this place.
 D = Time resting spent in this place.
 E = Time spent auto-exploring this place.
 F = Levels seen in this place.
 G = Mean time per level.
                   A        B        C        D        E       F      G
               +--------+--------+--------+--------+--------+-----+--------+
         Total |  39806 |  37950 |   1856 |  16195 |  14270 |  24 | 1658.6 |
       Dungeon |  20320 |  19170 |   1150 |   6242 |   9249 |  15 | 1354.7 |
          Lair |  13925 |  13331 |    594 |   6790 |   3972 |   5 | 2785.0 |
     Snake Pit |   1146 |   1146 |      0 |    869 |      0 |   1 | 1146.0 |
  Orcish Mines |   3896 |   3786 |    110 |   2070 |    911 |   2 | 1948.0 |
         Sewer |    517 |    517 |      0 |    224 |    138 |   1 |  517.0 |
               +--------+--------+--------+--------+--------+-----+--------+

Top non-repeatable levels by time:
  Lair:5: 3424 daAuts
  Lair:3: 3178 daAuts
  Lair:4: 2573 daAuts
  Lair:2: 2418 daAuts
  Lair:1: 2330 daAuts
   Orc:2: 2168 daAuts
     D:9: 2023 daAuts
     D:8: 2018 daAuts
   Orc:1: 1728 daAuts
    D:15: 1656 daAuts
    D:13: 1645 daAuts
     D:2: 1441 daAuts
     D:3: 1413 daAuts
    D:10: 1309 daAuts
    D:14: 1274 daAuts
